 Dungeon Crawl Stone Soup version 0.20-a0-303-g575bbf7 (webtiles) character file.

46 Maks the Chiller (level 3, -2/26 HPs)
             Began as a Merfolk Ice Elementalist on Dec 17, 2016.
             Slain by a gnoll
             ... wielding a +0 spear
              (3 damage)
             ... on level 2 of the Dungeon.
             The game lasted 00:10:56 (1392 turns).

Maks the Chiller (Merfolk Ice Elementalist)         Turns: 1392, Time: 00:10:57

Health: -2/26      AC:  8    Str:  9    XL:     3   Next: 66%
Magic:  4/6        EV: 13    Int: 14    God:
Gold:   98         SH:  0    Dex: 14    Spells: 2/6 levels left

rFire  . . .     SeeInvis .     g - +1 hand axe (freeze)
rCold  . . .     Gourm    .     a - +0 robe
rNeg   . . .     Faith    .     (no shield)
rPois  .         Spirit   .     (no helmet)
rElec  .         Reflect  .     e - +0 cloak
rCorr  .         Harm     .     (no gloves)
MR     .....                    (no boots)
Stlth  ++........               (no amulet)
                                (no ring)
                                (no ring)

@: icy armour, slow
A: change form in water, swift swim, stealthy swim
a: no special abilities


You were on level 2 of the Dungeon.
You were not hungry.

You visited 1 branch of the dungeon, and saw 2 of its levels.

You collected 98 gold pieces.

Inventory:

Hand Weapons
 g - a +1 hand axe of freezing (weapon)
Armour
 a - a +0 robe (worn)
 e - a +0 cloak (worn)
Scrolls
 i - a scroll of teleportation {unknown}
 j - a scroll of immolation {unknown}
 l - a scroll of recharging {unknown}
 m - a scroll of enchant armour {unknown}
Potions
 d - a potion of lignification {unknown}
 h - a potion of invisibility {unknown}
 n - 2 potions of flight {unknown}
Books
 b - a book of Frost

   Spells                             Type                      Level
   a - Freeze                         Ice                          1
   b - Throw Frost                    Conjuration/Ice              2
   c - Ozocubu's Armour               Charms/Ice                   3
   d - Throw Icicle                   Conjuration/Ice              4
   e - Summon Ice Beast               Ice/Summoning                4
Comestibles
 c - a bread ration
 f - 9 chunks of flesh
 k - a meat ration


   Skills:
 + Level 1.2 Fighting
 + Level 3.1 Dodging
 - Level 2.2 Stealth
 + Level 2.4 Spellcasting
   Level 0.7 Conjurations
 * Level 4.0 Ice Magic


You had 2 spell levels left.
You knew the following spells:

 Your Spells              Type           Power        Failure   Level  Hunger
a - Freeze                Ice            ##..         4%          1    #......
b - Ozocubu's Armour      Chrm/Ice       #.......     30%         3    ###....


Dungeon Overview and Level Annotations

Branches:
Dungeon (2/15)

Altars:


Message History

The gnoll barely misses you.
You hit the gnoll. You freeze the gnoll.
You kill the gnoll!
Your Ice Magic skill increases to level 4!
You closely miss the gnoll. The gnoll closely misses you.
The gnoll hits you but does no damage. The gnoll barely misses you.
You hit the gnoll but do no damage.
The gnoll hits you from afar with a spear.
The gnoll closely misses you.
You closely miss the gnoll. The gnoll hits you but does no damage.
The gnoll barely misses you. The gnoll closely misses you.
You barely miss the gnoll. The gnoll hits you.
The gnoll hits you from afar with a spear.
* * * LOW HITPOINT WARNING * * *
You hit the gnoll. You freeze the gnoll.
The gnoll is moderately wounded.
The gnoll hits you.
* * * LOW HITPOINT WARNING * * *
The gnoll hits you from afar with a spear.
You die...

########## # .......).#
..#########.###############
#..... #...##.....#.....
#.....######.#............
#.......####..............
#.....#gg@..[.............
#......######....).......<
#.<....# #.............
######.. #.............
...g #............. ...#.
##............ #...##.
#......#..... #...# #.
#####. #.%!# #. #.


You could see 2 gnolls.

Vanquished Creatures
  A gnoll (D:2)
  A dart slug (D:1)
  A leopard gecko (D:1)
  2 giant cockroaches
  6 goblins (D:1)
  3 hobgoblins
  6 jackals
  3 frilled lizards (D:1)
  3 kobolds (D:1)
  4 rats
30 creatures vanquished.

Notes
Turn   | Place    | Note
-------+----------+-------------------------------------------
     0 | D:1      | Maks the Merfolk Ice Elementalist began the quest for the Orb.
     0 | D:1      | Reached XP level 1. HP: 13/13 MP: 3/3
   392 | D:1      | Reached XP level 2. HP: 19/19 MP: 5/5
  1048 | D:1      | Reached XP level 3. HP: 18/25 MP: 4/6
  1156 | D:1      | Learned a level 3 spell: Ozocubu's Armour
  1254 | D:2      | Reached skill level 1 in Fighting
  1387 | D:2      | Reached skill level 4 in Ice Magic
  1392 | D:2      | HP: 1/26 [gnoll (5)]
  1392 | D:2      | Slain by a gnoll

Vault maps used:
D:1:      minmay_arrival_pointy, serial_corexii_hall, corexii_hall_statues_t,
          corexii_hall_statues_l, corexii_hall_statues_i,
          corexii_hall_statues_u, corexii_hall_statues_deadend,
          corexii_hall_statues_x, minmay_tromino_mix6

Skill      XL: |  1  2  3 |
---------------+----------+-----
Dodging        | 3 |  3.1
Fighting       | 1 |  1.2
Ice Magic      | 4 |  4.0
Stealth        | |  2.2
Spellcasting   | |  2.4
Conjurations   | |  0.7

Action                   || total
-------------------------++-------
Melee: Hand axe          ||    68
       Unarmed           ||     2
 Cast: Freeze            ||    11
       Ozocubu's Armour  ||     2
 Stab: Sleeping          ||     2
  Eat: Chunk             ||     2
Armor: Robe              ||    23
Dodge: Dodged            ||    59
